 Dungeon Crawl Stone Soup version 0.21.1-1-g345015f (webtiles) character file.

95 tidbits the Charmwright (level 4, -3/38 HPs)
             Began as a Gnoll Skald on June 17, 2018.
             Was an Initiate of Cheibriados.
             Slain by Menkaure (11 damage)
             ... on level 4 of the Dungeon.
             The game lasted 00:05:37 (526 turns).

tidbits the Charmwright (Gnoll Skald)                Turns: 526, Time: 00:05:37

Health: -3/38      AC:  2    Str: 12 (14) XL:     4   Next: 66%
Magic:  17/20      EV: 14    Int: 14 (17) God:    Cheibriados [......]
Gold:   23         SH:  0    Dex: 14 (16) Spells: 2/13 levels left

rFire    . . .     SeeInvis .   a - +0 hand axe
rCold    . . .     Gourm    .   (no shield)
rNeg     . . .     Faith    .   b - +0 leather armour
rPois    .         Spirit   .   E - -2 helmet (curse)
rElec    .         Reflect  .   (no cloak)
rCorr    .         Harm     .   (no gloves)
MR       .....                  (no boots)
Stlth    ++........             q - amulet of magic regeneration
HPRegen  1.12/turn              t - ring of magical power
MPRegen  0.42/turn              (no ring)

@: regenerating, very slow
A: distributed training, fangs 1, strong nose
a: Bend Time, Renounce Religion


You were on level 4 of the Dungeon.
You worshipped Cheibriados.
Cheibriados was noncommittal.
You were not hungry.

You visited 1 branch of the dungeon, and saw 4 of its levels.

You collected 23 gold pieces.

Inventory:

Hand Weapons
 a - a +0 hand axe (weapon)
Missiles
 f - 15 arrows
 p - a throwing net (quivered) {!f}
Armour
 b - a +0 leather armour (worn)
 E - a cursed -2 helmet (worn)
Magical Staves
 j - an uncursed staff of death {unknown}
   (You found it on level 2 of the Dungeon)
Jewellery
 q - an amulet of magic regeneration (around neck)
   (You found it on level 2 of the Dungeon)
 t - a ring of magical power (left hand)
   (You found it on level 1 of the Dungeon)
Scrolls
 e - 2 scrolls of teleportation {unknown}
 g - 3 scrolls of noise {unknown}
 k - a scroll of amnesia {unknown}
 o - a scroll of immolation {unknown}
 r - a scroll of remove curse {unknown}
Potions
 h - a potion of cancellation {unknown}
 i - a potion of degeneration
 l - a potion of agility {unknown}
 m - a potion of magic {unknown}
 n - a potion of haste {unknown}
 s - 2 potions of invisibility {unknown}
Books
 c - a book of Battle

   Spells                             Type                      Level
   a - Infusion                       Charms                       1
   b - Shroud of Golubria             Charms/Translocation         2
   c - Song of Slaying                Charms                       2
   d - Spectral Weapon                Hexes/Charms                 3
   e - Regeneration                   Charms/Necromancy            3
Comestibles
 d - 3 rations


   Skills:
 + Level 4.6 Fighting
 + Level 1.2 Short Blades
 + Level 1.2 Long Blades
 + Level 4.6 Axes
 + Level 1.2 Maces & Flails
 + Level 1.2 Polearms
 + Level 1.2 Staves
 + Level 1.2 Slings
 + Level 1.2 Bows
 + Level 1.2 Crossbows
 + Level 1.2 Throwing
 + Level 2.8 Armour
 + Level 4.6 Dodging
 + Level 1.2 Stealth
 + Level 1.2 Shields
 + Level 1.2 Unarmed Combat
 + Level 5.1 Spellcasting
 + Level 1.0 Conjurations
 + Level 1.0 Hexes
 + Level 5.5 Charms
 + Level 1.0 Summonings
 + Level 1.0 Necromancy
 + Level 1.0 Translocations
 + Level 1.0 Transmutations
 + Level 1.0 Fire Magic
 + Level 1.0 Ice Magic
 + Level 1.0 Air Magic
 + Level 1.0 Earth Magic
 + Level 1.0 Poison Magic
 + Level 1.3 Invocations
 + Level 1.2 Evocations


You had 2 spell levels left.
You knew the following spells:

 Your Spells              Type           Power        Failure   Level  Hunger
g - Shroud of Golubria    Chrm/Tloc      ##........   9%          2    ##.....
i - Infusion              Chrm           ###.         2%          1    None
r - Regeneration          Chrm/Necr      ##........   17%         3    ###....
w - Spectral Weapon       Hex/Chrm       ##......     17%         3    ###....
y - Song of Slaying       Chrm           ###.....     3%          2    ##.....


Dungeon Overview and Level Annotations

Branches:
Dungeon (4/15)
 Temple: D:4-7

Altars:
Cheibriados
Makhleb

Annotations:
D:4 Menkaure


Innate Abilities, Weirdness & Mutations

Your experience applies equally to all skills.
You have very sharp teeth.
Your uncanny sense of smell can sniff out nearby items.


Message History

You kill the jackal!
Cheibriados appreciates the change of pace.
Your shroud bends the jackal's attack away.
You hit the jackal.
The jackal is severely wounded.
Your spectral weapon hits the jackal!
You kill the jackal!
Cheibriados appreciates the change of pace.
The jackal closely misses you.
You miss the jackal.
Your spectral weapon hits the jackal but does no damage.
The jackal barely misses you.
You hit the jackal.
The jackal is severely wounded.
Your spectral weapon closely misses the jackal.
The jackal barely misses you. The jackal completely misses you.
You hit the jackal.
You kill the jackal!
Cheibriados thoroughly appreciates the change of pace.
You hit the adder.
The adder is moderately wounded.
Your spectral weapon barely misses the adder.
The adder closely misses you. x2
You closely miss the adder.
The adder is moderately wounded.
Your spectral weapon fades away.
The adder bites you.
You are poisoned.
The adder poisons you!
Your magical contamination has completely faded away.
Your leather armour prevents you from hitting the adder.
You bite the adder.
The adder is heavily wounded.
You feel sick. The adder bites you.
Casting: Shroud of Golubria
Confirm with . or Enter, or press ? or * to list all spells.
You draw out your weapon's spirit!
The adder misses you. The adder bites you.
Your shroud falls apart!
You closely miss the adder.
The adder is heavily wounded.
The adder bites you.
Your spectral weapon hits the adder!
You kill the adder!
Cheibriados thoroughly appreciates the change of pace.
Your Conjurations skill increases to level 1!
Your Hexes skill increases to level 1!
Your Summonings skill increases to level 1!
Your Necromancy skill increases to level 1!
Your Translocations skill increases to level 1!
Your Transmutations skill increases to level 1!
Your Fire Magic skill increases to level 1!
Your Ice Magic skill increases to level 1!
Your Air Magic skill increases to level 1!
Your Earth Magic skill increases to level 1!
Your Poison Magic skill increases to level 1!
You feel sick.
There is an open door, spattered with blood here.
Things that are here:
an adder corpse; a jackal corpse Unknown command.
Casting: Spectral Weapon
Confirm with . or Enter, or press ? or * to list all spells.
Your skin crawls.
Unknown command.
You feel sick.
You open the door.
Menkaure, Prince of Dust comes into view.
Your skin is crawling a little less now.
You feel sick.
Menkaure shouts!
Found a scroll labeled LOWETO XONNAN.
Found a stone staircase leading up and a stone staircase leading down.
An orc comes into view. It is wielding a club.
You close the door.
Found a ration.
Unknown command.
Casting: Regeneration
Confirm with . or Enter, or press ? or * to list all spells.
Space distorts slightly along a thin shroud covering your body.
You feel sick.
You are no longer poisoned.
Casting: Shroud of Golubria
Confirm with . or Enter, or press ? or * to list all spells.
Your skin crawls.
You swap places.
An orc and an orc priest come into view.
The orc priest shouts!
Menkaure gestures at you while chanting.
Pain shoots through your body!
The orc priest invokes the aid of Beogh against you.
Beogh smites you!
An orc comes into view.
Menkaure hits you!
* * * LOW HITPOINT WARNING * * *
Your shroud falls apart!
It was a potion of degeneration.
There was something very wrong with that liquid.
You feel weakened.
You feel dopey.
You feel clumsy.
The orc priest casts a cantrip, but nothing happens.
Menkaure hits you!
You die...

...##.....#....#......
...(...<._....# .....#
.........###### .....##
.....%...##...##......#
.........†.....$......#
.........#............#
.........#....>.......#
###......#....(......%#
##.....###.@##...#..#
####### ##M# ...# .o.
....# ∆ ..?......#
<.oo......#
....o......#
............#
.............


You could see Menkaure, an orc priest, 3 orcs and a friendly spectral hand axe.

Vanquished Creatures
  A hound (D:3)
  3 adders
  An ooze (D:1)
  An adder skeleton (D:4)
  A ball python (D:1)
  A giant cockroach (D:1)
  5 goblins
  A hobgoblin (D:2)
  4 jackals (D:4)
  5 bats
  2 frilled lizards
  3 kobolds (D:2)
  6 rats
34 creatures vanquished.

Notes
Turn   | Place    | Note
-------+----------+-------------------------------------------
     0 | D:1      | tidbits the Gnoll Skald began the quest for the Orb.
     0 | D:1      | Reached XP level 1. HP: 20/20 MP: 6/6
    94 | D:1      | Reached XP level 2. HP: 17/26 MP: 2/7
    98 | D:1      | Learned a level 2 spell: Shroud of Golubria
   101 | D:1      | Learned a level 2 spell: Song of Slaying
   120 | D:2      | Reached skill level 5 in Spellcasting
   120 | D:2      | Reached XP level 3. HP: 31/31 MP: 0/9
   125 | D:2      | Learned a level 3 spell: Regeneration
   129 | D:2      | Learned a level 3 spell: Spectral Weapon
   306 | D:1      | Reached skill level 1 in Invocations
   453 | D:3      | Found a burning altar of Makhleb.
   459 | D:3      | Reached skill level 1 in Short Blades
   459 | D:3      | Reached skill level 1 in Long Blades
   459 | D:3      | Reached skill level 1 in Maces & Flails
   459 | D:3      | Reached skill level 1 in Polearms
   459 | D:3      | Reached skill level 1 in Staves
   459 | D:3      | Reached skill level 1 in Slings
   459 | D:3      | Reached skill level 1 in Bows
   459 | D:3      | Reached skill level 1 in Crossbows
   459 | D:3      | Reached skill level 1 in Throwing
   459 | D:3      | Reached skill level 1 in Stealth
   459 | D:3      | Reached skill level 1 in Shields
   459 | D:3      | Reached skill level 1 in Unarmed Combat
   459 | D:3      | Reached skill level 1 in Evocations
   459 | D:3      | Reached XP level 4. HP: 35/38 MP: 11/11
   485 | D:4      | Found a snail-covered altar of Cheibriados.
   488 | D:4      | Became a worshipper of Cheibriados the Contemplative
   511 | D:4      | Reached skill level 1 in Conjurations
   511 | D:4      | Reached skill level 1 in Hexes
   511 | D:4      | Reached skill level 1 in Summonings
   511 | D:4      | Reached skill level 1 in Necromancy
   511 | D:4      | Reached skill level 1 in Translocations
   511 | D:4      | Reached skill level 1 in Transmutations
   511 | D:4      | Reached skill level 1 in Fire Magic
   511 | D:4      | Reached skill level 1 in Ice Magic
   511 | D:4      | Reached skill level 1 in Air Magic
   511 | D:4      | Reached skill level 1 in Earth Magic
   511 | D:4      | Reached skill level 1 in Poison Magic
   518 | D:4      | Noticed Menkaure
   526 | D:4      | Slain by Menkaure

Skill      XL: |  1  2  3  4 |
---------------+-------------+-----
Spellcasting   | 5 |  5.1
Invocations    | 1 |  1.3
Short Blades   | 1 |  1.2
Long Blades    | 1 |  1.2
Maces & Flails | 1 |  1.2
Polearms       | 1 |  1.2
Staves         | 1 |  1.2
Slings         | 1 |  1.2
Bows           | 1 |  1.2
Crossbows      | 1 |  1.2
Throwing       | 1 |  1.2
Stealth        | 1 |  1.2
Shields        | 1 |  1.2
Unarmed Combat | 1 |  1.2
Evocations     | 1 |  1.2
Conjurations   | 1 |  1.0
Hexes          | 1 |  1.0
Summonings     | 1 |  1.0
Necromancy     | 1 |  1.0
Translocations | 1 |  1.0
Transmutations | 1 |  1.0
Fire Magic     | 1 |  1.0
Ice Magic      | 1 |  1.0
Air Magic      | 1 |  1.0
Earth Magic    | 1 |  1.0
Poison Magic   | 1 |  1.0
Fighting       | |  4.6
Axes           | |  4.6
Armour         | |  2.8
Dodging        | |  4.6
Charms         | |  5.5

Action                   |  1- 3 |  4- 6 || total
-------------------------+-------+-------++-------
Melee: Hand axe          |    60 |    16 ||    76
       Bite              |     6 |     1 ||     7
 Cast: Infusion          |    11 |       ||    11
       Shroud of Golubri |     2 |     2 ||     4
       Spectral Weapon   |     1 |     2 ||     3
       Regeneration      |       |     2 ||     2
  Use: Potion            |     1 |     1 ||     2
 Stab: Sleeping          |     2 |       ||     2
Armor: Leather armour    |    10 |       ||    10
Dodge: Dodged            |    54 |    10 ||    64

Table legend:
 A = Turns spent in this place as a percentage of turns spent in the entire game.
 B = Non-inter-level travel turns spent in this place as a percentage of non-inter-level travel turns spent in the entire game.
 C = Inter-level travel turns spent in this place as a percentage of turns spent in this place.
 D = Turns resting spent in this place as a percentage of non-inter-level travel turns spent in this place.
 E = Turns spent auto-exploring this place as a percentage of non-inter-level travel turns spent in this place.
 F = Non-inter-level travel turns spent in this place divided by the number of levels of this place that you've seen.
                   A       B       C       D       E      F
               +-------+-------+-------+-------+-------+----------------------
         Total | 100.0 | 100.0 |   0.0 |   0.0 |   0.0 | 131.5
       Dungeon | 100.0 | 100.0 |   0.0 |   0.0 |   0.0 | 131.5
               +-------+-------+-------+-------+-------+----------------------

Table legend:
 A = Kills in this place as a percentage of kills in entire the game.
 B = Kills by you in this place as a percentage of kills by you in the entire game.
 C = Kills by friends in this place as a percentage of kills by friends in the entire game.
 D = Other kills in this place as a percentage of other kills in the entire game.
 E = Experience gained in this place as a percentage of experience gained in the entire game.
 F = Experience gained in this place divided by the number of levels of this place that you have seen.
                   A       B       C       D       E      F
               +-------+-------+-------+-------+-------+----------------------
         Total | 100.0 | 100.0 |   N/A |   N/A | 100.0 |  34.2
       Dungeon | 100.0 | 100.0 |   N/A |   N/A | 100.0 |  34.2
               +-------+-------+-------+-------+-------+----------------------

Vault maps used:
D:1:      sevenhm_arrival_forest_fort_large_2
D:2:      wad_crossroads, lemuel_coloured_pillars_altar, serial_glass,
          glass_columns_b, glass_columns_c, minmay_pentomino_w4, uniq_terence
D:3:      makhleb_heckhound_becter, nicolae_qazlal_style_of_elements
D:4:      fedhas_altar_3, overflow_temple_1_default,
          kennysheep_decorative_pillar, uniq_menkaure, uniq_robin, uniq_duvessa,
          uniq_crazy_yiuf_cottage
